 Dungeon Crawl Stone Soup version 0.16.2-3-ga078185 (webtiles) character file.

156176 Genodice the Severer (level 16, 0/120 HPs)
             Began as a Minotaur Berserker on Sept 8, 2015.
             Was an Elder of Trog.
             Killed from afar by a raiju (1 damage)
             ... with a living lightning
             ... on level 2 of the Abyss.
             The game lasted 04:58:17 (25149 turns).

Genodice the Severer (Minotaur Berserker)          Turns: 25149, Time: 04:58:17

Health: 0/120      AC: 19    Str: 27 (28) XL:     16   Next: 82%
Magic:  1/4        EV: 25    Int:  1 (2)  God:    Trog [****..]
Gold:   1444       SH: 15    Dex: 17      Spells: 0 memorised, 15 levels left

rFire  x . .     SeeInvis +     V - +1 war axe of Accord {venom, rElec rPois rF- MR+ Str+4}
rCold  + . .     Rnd*Rage +     o - +0 swamp dragon armour
rNeg   + + .     SustAb   .     S - +0 shield
rPois  +         Gourm    .     (helmet restricted)
rElec  +         Spirit   .     J - +1 cloak "Loobos" {SInv}
rCorr  .         Warding  +     T - +2 pair of fencer's gloves {EV+3 Dex+6 Slay+2}
rMut   .         Stasis   .     q - +0 pair of boots
MR     ++...                    y - amulet of warding
Stlth  +.........               v - +2 ring of protection
                                z - ring of positive energy

@: very resistant to hostile enchantments, very unstealthy
A: retaliatory headbutt, horns 2, berserk 3, blurry vision 1, clumsy 2, cold
resistance 1, deformed body, deterioration 2, dopey 1, frail 2, low mp 3,
screaming 1, shaggy fur 1, spit poison 1, placid magic 1
a: Spit Poison, Burn Spellbooks, Berserk, Trog's Hand, Brothers in Arms,
Renounce Religion
}: 1/15 runes: gossamer


You were on level 2 of the Abyss.
You worshipped Trog.
Trog was greatly pleased with you.
You were not hungry.

You visited 5 branches of the dungeon, and saw 23 of its levels.
You visited the Abyss 1 time.
You also visited: Ossuary.

You collected 1995 gold pieces.
You spent 551 gold pieces at shops.

Inventory:

Hand weapons
 j - a +2 scimitar of flaming
 l - a +4 antimagic executioner's axe
 t - a +5 antimagic war axe
 U - a +4 spear
 V - the +1 war axe of Accord (weapon) {venom, rElec rPois rF- MR+ Str+4}
   (You found it on level 3 of the Spider Nest)

   It poisons the flesh of those it strikes.
   It affects your strength (+4).
   It makes you vulnerable to fire.
   It insulates you from electricity.
   It protects you from poison.
   It affects your resistance to hostile enchantments.
Armour
 i - the -2 buckler of Resourcefulness {Dex+2}
   (You acquired it on level 5 of the Spider Nest)

   It affects your dexterity (+2).
 o - a +0 swamp dragon armour (worn)
 q - a +0 pair of boots (worn)
 J - the +1 cloak "Loobos" (worn) {SInv}
   (You found it on level 8 of the Lair of Beasts)

   It enhances your eyesight.
 M - a +0 plate armour
 S - a +0 shield (worn)
 T - the +2 pair of fencer's gloves (worn) {EV+3 Dex+6 Slay+2}
   (You bought it in a shop on level 4 of the Dungeon)

   It affects your evasion (+3).
   It affects your dexterity (+6).
   It affects your accuracy and damage with ranged weapons and melee attacks
   (+2).
Jewellery
 d - a cursed amulet of inaccuracy {unknown}
 v - a +2 ring of protection (right hand)
 y - an amulet of warding (around neck)
 z - a ring of positive energy (left hand)
 G - an uncursed amulet of the gourmand
 K - an uncursed amulet of regeneration
 N - an uncursed ring of fire
 O - an uncursed ring of flight
 P - an uncursed ring of ice
 W - an uncursed ring of teleportation
 Y - an uncursed ring of protection from cold
 Z - an uncursed ring of stealth
Magical devices
 m - a wand of slowing (24)
 p - a wand of digging (4)
 X - a wand of fire (8)
Scrolls
 b - 6 scrolls of fear
 e - 2 scrolls of identify
 g - 5 scrolls of recharging
 u - 7 scrolls of teleportation
 A - 6 scrolls of remove curse
 D - 3 scrolls of enchant armour
 E - 3 scrolls of enchant weapon
 R - 4 scrolls of magic mapping
Potions
 a - 5 potions of flight
 f - 4 potions of restore abilities
 h - a potion of magic
 k - 2 potions of cancellation
 s - a potion of might
 x - 2 potions of haste
 B - 3 potions of curing
 C - 3 potions of agility
 H - a potion of cure mutation
 L - 2 potions of resistance
Miscellaneous
 r - a plain deck of changes {drawn: 1}
 I - a phial of floods
Comestibles
 c - 7 bread rations
 n - 2 chunks of flesh


   Skills:
 + Level 16.2 Fighting
 + Level 17.1 Axes
 + Level 15.4 Armour
 + Level 15.3 Dodging
 - Level 15.0 Shields


You had 15 spell levels left.
You didn't know any spells.

Dungeon Overview and Level Annotations

Branches:
Dungeon (8/15)             Temple (1/1) D:4            Lair (8/8) D:8
  Swamp (1/5) Lair:5       Spider (5/5) Lair:4        Slime (0/6) Lair:7

Altars:
Ashenzari
Cheibriados
Dithmenos
Elyvilon
Fedhas
Gozag
Kikubaaqudgha
Makhleb
Nemelex Xobeh
Okawaru
Qazlal
Ru
Sif Muna
Trog
Vehumet
Xom
Yredelemnul
Zin
The Shining One

Shops:
D:4 [   D:5 *   D:7 *

Annotations:
D:4 armor shop


Innate Abilities, Weirdness & Mutations

You reflexively headbutt those who attack you in melee.
You have a pair of horns on your head.
Your flesh is cold resistant.
You are covered in fur (AC +1).
You can spit poison.
[You have an uncontrollable temper.]
[Scrolls take you a little longer to read.]
[You are very clumsy. (Dex -4)]
[Armour fits poorly on your strangely shaped body.]
[Your body is deteriorating.]
[You are dopey. (Int -2)]
[You are very frail (-20% HP).]
[Your magical capacity is extremely low (-30% MP).]
[You occasionally shout uncontrollably at your foes.]
[Your spells are a little easier to cast, but a little less powerful.]


Message History

The vampire bites you but does no damage.
A sixfirhy comes into view.
You hit the worldbinder.
The worldbinder is severely damaged.
You hit the vampire.
The vampire is lightly damaged.
You slash the wretched star!
The wretched star is almost destroyed.
You hit the starcursed mass but do no damage.
You hit the starcursed mass.
The starcursed mass is almost destroyed.
The starcursed mass shudders and is absorbed by its neighbour.
You slash the raiju!
The raiju is poisoned.
The raiju is moderately wounded.
The vampire disappears in a puff of smoke! x2
A starcursed mass splits.
The worldbinder misses you. You furiously retaliate!
You headbutt the worldbinder. The worldbinder completely misses you.
The raiju bursts into living lightning!
The living lightning hits you! You resist.
You die...

# ## .. .. ..
.#.##. .#
...### ..#
W##..#.# .#.#
#W ....##
...#..#x#h....#
#..#§hV@X# #
......h*X#X# .
.#.#..§#X#.# #
#.....)#.#
#...† #. # .
.##.### ..# ..
.# # ##X.. .# #
4#. .#.#.. . ..
##. . . ##.


You could see 4 starcursed masses, a wretched star, a worldbinder, a sixfirhy, 3
raiju, a vampire (invisible) and 2 wraiths.

Vanquished Creatures
  A tentacled starspawn (Abyss:2)
  A deep elf sorcerer (Abyss:2)
  Aizul (Spider:5)
  5 ghost moths
  7 emperor scorpions (Spider:5)
  3 rakshasas (Abyss:2)
  A deep elf demonologist (Abyss:2)
  An eidolon (Abyss:2)
  3 dire elephants (Lair:8)
  Snorg (Lair:8)
  Fannar (Lair:5)
  A hydra (Swamp:1)
  A naga warrior (Abyss:1)
  2 catoblepae
  An anaconda (Lair:8)
  3 alligators (Swamp:1)
  2 sun demons (Abyss:2)
  6 thrashing horrors
  2 wretched stars
  A spatial maelstrom (Abyss:1)
  A giant orange brain (Abyss:2)
  A swamp dragon (Swamp:1)
  27 wolf spiders
  6 orb spiders
  A necromancer (Spider:2)
  9 wolf spider zombies (Spider:2)
  A sixfirhy (Abyss:1)
  8 hornets
  3 griffons (D:7)
  2 moths of wrath
  2 salamanders (Abyss:1)
  12 elephants
  2 worldbinders
  6 black mambas
  A guardian serpent (Abyss:1)
  3 torpor snails
  Psyche (D:8)
  15 spiny frogs
  2 efreet
  A tormentor (Abyss:1)
  15 demonic crawlers
  12 komodo dragons
  3 ancient zymes
  5 fire drakes
  4 polar bears
  18 blink frogs
  27 jumping spiders
  4 tarantella zombies (Spider:2)
  A giant leech (Swamp:1)
  A basilisk (Lair:1)
  6 raiju
  11 trapdoor spiders
  43 redbacks
  4 water elementals
  A wyvern (Lair:8)
  A golden eye (Abyss:2)
  2 ynoxinuls
  7 starcursed masses
  64 yaks
  27 tarantellas
  A wraith (Abyss:1)
  Eustachio (D:6)
  8 hippogriffs
  2 hogs (D:7)
  2 large abominations
  2 neqoxecs
  A chaos spawn (Abyss:1)
  3 spatial vortices (Abyss:1)
  4 swamp worms (Swamp:1)
  A naga (Abyss:1)
  16 water moccasins
  3 orc warriors
  6 black bears
  9 porcupines
  3 sky beasts
  36 spiders
  3 ice beasts (Spider:1)
  5 ogres
  5 wasps
  A boring beetle (Spider:5)
  10 crocodiles
  2 centaurs
  12 giant frogs
  2 earth elementals (Abyss:2)
  11 spider zombies (Spider:2)
  A wyvern skeleton (D:7)
  7 scorpions
  3 electric eels
  4 small abominations (Abyss:1)
  6 crimson imps
  3 goliath beetles
  A centaur skeleton (D:5)
  A jelly (D:5)
  2 quasits
  4 orc priests
  A gnoll shaman (D:6)
  An iron imp (Abyss:2)
  8 iguanas
  12 hounds
  3 worker ants
  6 orc wizards
  A big kobold zombie (Ossuary)
  23 sheep
  A hound skeleton (D:6)
  Terence (D:2)
  8 mummies (Ossuary)
  3 gnolls (D:6)
  35 adders
  52 river rats
  6 giant mites
  5 shadow imps
  3 white imps
  3 worms (D:3)
  4 ufetubi
  An adder skeleton (D:4)
  3 giant geckos
  An ooze (D:1)
  34 orcs
  A ball python (D:1)
  A bat zombie (D:8)
  5 giant cockroaches
  3 gnoll zombies (Ossuary)
  11 hobgoblins
  13 kobolds
  9 quokkas
  12 bats
  A giant gecko skeleton (D:7)
  4 giant newts (D:1)
  16 goblins
  8 jackals
  A kobold zombie (Ossuary)
  3 orc zombies (Ossuary)
  A quokka zombie (D:5)
  20 rats
  7 spectral orcs (Lair:3)
  8 fungi
  10 plants
934 creatures vanquished.

Vanquished Creatures (collateral kills)
  3 dire elephants (Lair:8)
  5 hydras
  Nergalle (Lair:3)
  2 ice statues (Spider:1)
  7 orb spiders
  2 wolf spider zombies (Spider:2)
  2 hornets (Spider:5)
  7 wolf spiders
  A smoke demon (Abyss:2)
  A spiny frog (Swamp:1)
  A demonic crawler (Spider:5)
  A jumping spider (Spider:2)
  A raiju (Abyss:1)
  5 spectral orcs (Lair:3)
  3 trapdoor spiders (Spider:5)
  3 redbacks
  A tarantella (Spider:1)
  4 spatial vortices (Abyss:1)
  An ice beast (Spider:1)
  A spider (Spider:1)
  2 wasps (Spider:5)
54 creatures vanquished.

Vanquished Creatures (others)
  A jumping spider (Spider:1)
  A troll (Swamp:1)
  3 two-headed ogres
  A wasp (Spider:5)
  5 ogres
  A quasit (Abyss:1)
  8 fungi
  17 plants
  4 starspawn tentacles (Abyss:2)
  29 starspawn tentacle segments (Abyss:2)
70 creatures vanquished.

Grand Total: 1058 creatures vanquished

Notes
Turn   | Place    | Note
--------------------------------------------------------------
     0 | D:1      | Genodice, the Minotaur Berserker, began the quest for the Orb.
     0 | D:1      | Reached XP level 1. HP: 19/19 MP: 1/1
   115 | D:1      | Reached skill level 4 in Axes
   212 | D:1      | Reached XP level 2. HP: 26/26 MP: 1/1
   364 | D:1      | Acquired Trog's second power
   476 | D:1      | Reached skill level 5 in Axes
   614 | D:1      | Reached XP level 3. HP: 31/31 MP: 2/2
   939 | D:2      | Reached XP level 4. HP: 39/39 MP: 2/2
  1011 | D:2      | Reached skill level 6 in Axes
  1042 | D:2      | Noticed Terence
  1048 | D:2      | Killed Terence
  1078 | D:2      | Found a deep blue altar of Sif Muna.
  1450 | D:3      | Found a blossoming altar of Fedhas.
  1679 | D:3      | Found a shattered altar of Ashenzari.
  1869 | D:3      | Reached skill level 7 in Axes
  1869 | D:3      | Reached XP level 5. HP: 45/45 MP: 2/2
  2725 | D:4      | Found a staircase to the Ecumenical Temple.
  2741 | Temple   | Entered the Ecumenical Temple
  3050 | D:4      | Reached XP level 6. HP: 51/51 MP: 3/3
  3170 | D:4      | Found Pru Psausi's Armour Shop.
  3258 | D:4      | Noticed an ogre
  3266 | D:4      | Killed an ogre
  3270 | D:4      | Reached XP level 7. HP: 57/57 MP: 3/3
  3417 | D:4      | Found an iron altar of Okawaru.
  3417 | D:4      | Found a stormy altar of Qazlal.
  3506 | D:5      | Entered Level 5 of the Dungeon
  3516 | D:5      | Found a sacrificial altar of Ru.
  3613 | D:5      | Found a sand-covered staircase.
  3618 | Ossuary  | Entered an ossuary
  3780 | Ossuary  | Reached skill level 8 in Axes
  4118 | D:4      | Bought the +2 pair of fencer's gloves {EV+3 Dex+6 Slay+2} for 551 gold pieces
  4163 | D:5      | Reached skill level 5 in Armour
  4163 | D:5      | Reached skill level 5 in Dodging
  4313 | D:5      | Acquired Trog's third power
  4331 | D:5      | Found Cyggayps' General Store.
  4703 | D:6      | Reached XP level 8. HP: 67/67 MP: 3/3
  4898 | D:6      | Reached skill level 5 in Fighting
  4982 | D:6      | Noticed Eustachio
  5006 | D:6      | Killed Eustachio
  5025 | D:6      | Reached skill level 9 in Axes
  5840 | D:7      | Reached XP level 9. HP: 75/75 MP: 4/4
  6007 | D:7      | Found Kydul's Assorted Antiques.
  6156 | D:7      | Found a huge runed gate.
  6156 | D:7      | Found a huge runed gate.
  6156 | D:7      | Found a huge runed gate.
  6156 | D:7      | Found a huge runed gate.
  6156 | D:7      | Noticed a polar bear
  6156 | D:7      | Noticed a griffon
  6156 | D:7      | Noticed a polar bear
  6156 | D:7      | Noticed a polar bear
  6156 | D:7      | Noticed a griffon
  6158 | D:7      | Noticed a griffon
  6172 | D:7      | Killed a griffon
  6172 | D:7      | Reached skill level 10 in Axes
  6183 | D:7      | Killed a polar bear
  6189 | D:7      | Killed a griffon
  6196 | D:7      | Reached XP level 10. HP: 59/88 MP: 4/4
  6211 | D:7      | Killed a polar bear
  6215 | D:7      | Killed a griffon
  6465 | D:7      | Killed a polar bear
  6465 | D:7      | Reached skill level 11 in Axes
  6471 | D:7      | Found a snail-covered altar of Cheibriados.
  7081 | D:8      | Received a gift from Trog
  7227 | D:8      | Found a staircase to the Lair.
  7270 | D:8      | Noticed Psyche
  7273 | D:8      | Killed Psyche
  7640 | Lair:1   | Entered Level 1 of the Lair of Beasts
  7834 | Lair:1   | Reached skill level 10 in Armour
  8000 | Lair:1   | Noticed a seven-headed hydra
  8003 | Lair:1   | Killed a seven-headed hydra
  8077 | Lair:1   | Reached XP level 11. HP: 76/99 MP: 4/4
  8480 | Lair:1   | Reached skill level 10 in Fighting
  8480 | Lair:1   | Reached skill level 12 in Axes
  8480 | Lair:1   | Reached skill level 10 in Dodging
  8495 | Lair:1   | Reached skill level 1 in Shields
  9148 | Lair:1   | Noticed a four-headed hydra
  9157 | Lair:1   | Killed a six-headed hydra
 10465 | Lair:2   | Reached skill level 13 in Axes
 10820 | Lair:3   | Reached XP level 12. HP: 110/110 MP: 5/5
 11104 | Lair:3   | Received a gift from Trog
 11234 | Lair:3   | Noticed Nergalle
 11267 | Lair:3   | Killed Nergalle
 11624 | Lair:4   | Found a hole to the Spider Nest.
 13012 | Lair:5   | Noticed Fannar
 13017 | Lair:5   | Received a gift from Trog
 13017 | Lair:5   | Reached skill level 5 in Shields
 13021 | Lair:5   | Killed Fannar
 13156 | Lair:5   | Reached XP level 13. HP: 122/122 MP: 5/5
 13322 | Lair:5   | Noticed a catoblepas
 13354 | Lair:5   | Killed a catoblepas
 13814 | Lair:5   | Found a staircase to the Swamp.
 14304 | Lair:6   | Received a gift from Trog
 14319 | Lair:6   | Got an ancient falchion {god gift}
 15022 | Lair:7   | Found a staircase to the Slime Pits.
 15871 | Lair:8   | Entered Level 8 of the Lair of Beasts
 15882 | Lair:8   | Reached skill level 10 in Shields
 15988 | Lair:8   | Received a gift from Trog
 16294 | Lair:8   | Noticed a dire elephant
 16294 | Lair:8   | Noticed a dire elephant
 16297 | Lair:8   | Killed a dire elephant
 16304 | Lair:8   | Killed a dire elephant
 16305 | Lair:8   | Noticed a dire elephant
 16308 | Lair:8   | Killed a dire elephant
 16338 | Lair:8   | Got a jewelled cloak
 16350 | Lair:8   | Identified the +1 cloak "Loobos" {SInv} (You found it on level 8 of the Lair of Beasts)
 16407 | Lair:8   | Noticed a dire elephant
 16418 | Lair:8   | Killed a dire elephant
 16418 | Lair:8   | Reached XP level 14. HP: 129/129 MP: 1/5
 16554 | Lair:8   | Noticed a dire elephant
 16566 | Lair:8   | Killed a dire elephant
 16568 | Lair:8   | Noticed Snorg
 16576 | Lair:8   | Killed Snorg
 16576 | Lair:8   | Reached skill level 14 in Axes
 16717 | Lair:8   | Noticed a dire elephant
 16736 | Lair:8   | Killed a dire elephant
 17416 | Spider:1 | Entered Level 1 of the Spider Nest
 17913 | Spider:1 | Received a gift from Trog
 19598 | Spider:2 | Reached skill level 15 in Axes
 19614 | Spider:2 | Noticed a ghost moth
 19623 | Spider:2 | Killed a ghost moth
 19992 | Spider:3 | Noticed a ghost moth
 19993 | Spider:3 | Reached XP level 15. HP: 139/139 MP: 2/6
 20000 | Spider:3 | Killed a ghost moth
 20603 | Spider:3 | Got a scorched long sword
 20607 | Spider:3 | Got a polished war axe
 20608 | Spider:3 | Identified the cursed +1 war axe of Accord {venom, rElec rPois rF- MR+ Str+4} (You found it on level 3 of the Spider Nest)
 20880 | Spider:4 | Lost intelligence.
 20880 | Spider:4 | Identified the cursed +0 long sword of Cli Tul {venom, Str+2 Int-4 Dex+6} (You found it on level 3 of the Spider Nest)
 21236 | Spider:4 | Reached skill level 15 in Fighting
 21271 | Spider:4 | Received a gift from Trog
 21530 | Spider:5 | Entered Level 5 of the Spider Nest
 21661 | Spider:5 | Reached skill level 16 in Axes
 21997 | Spider:5 | Received a gift from Trog
 22007 | Spider:5 | Gained mutation: You have an increased reservoir of magic (+10% MP). [mutagenic meat]
 22016 | Spider:5 | Identified a scroll of acquirement
 22017 | Spider:5 | Got a faintly humming buckler
 22028 | Spider:5 | Identified the -2 buckler of Resourcefulness {Dex+2} (You acquired it on level 5 of the Spider Nest)
 22646 | Spider:5 | Got a gossamer rune of Zot
 22944 | Spider:5 | Noticed Aizul
 22960 | Spider:5 | Killed Aizul
 22960 | Spider:5 | Reached XP level 16. HP: 149/149 MP: 6/6
 22970 | Spider:5 | Lost intelligence.
 22970 | Spider:5 | Gained mutation: [You are dopey. (Int -2)] [mutagenic meat]
 22974 | Spider:5 | Lost mutation: You have an increased reservoir of magic (+10% MP). [potion of cure mutation]
 22974 | Spider:5 | Lost mutation: [You are dopey. (Int -2)] [potion of cure mutation]
 22976 | Spider:5 | Gained mutation: You are covered in fur (AC +1). [mutagenic meat]
 22986 | Spider:5 | Gained mutation: You can spit poison. [mutagenic meat]
 22989 | Spider:5 | Gained mutation: Your flesh is cold resistant. [mutagenic meat]
 23149 | Spider:3 | Reached skill level 15 in Shields
 23425 | Spider:2 | Received a gift from Trog
 23560 | Swamp:1  | Entered Level 1 of the Swamp
 24187 | Swamp:1  | Cast into the Abyss (a distortion unwield)
 24190 | Abyss:1  | Found a corrupted altar of Lugonu.
 24196 | Abyss:1  | Got a pair of bloodstained gloves
 24197 | Abyss:1  | Identified the cursed -5 pair of gloves of Eckaivun {rC+} (You found it on level 1 of the Abyss)
 24579 | Abyss:1  | Found a corrupted altar of Lugonu.
 24678 | Abyss:1  | Reached skill level 15 in Dodging
 24694 | Abyss:1  | Paralysed by accursed screaming for 1 turns
 24719 | Abyss:1  | Reached skill level 15 in Armour
 24871 | Abyss:2  | Found a corrupted altar of Lugonu.
 25033 | Abyss:2  | Lost intelligence.
 25110 | Abyss:2  | Reached skill level 17 in Axes
 25111 | Abyss:2  | Noticed a tentacled starspawn
 25121 | Abyss:2  | Killed a tentacled starspawn
 25147 | Abyss:2  | HP: 5/120 [worldbinder (6)]
 25148 | Abyss:2  | HP: 1/120 [starcursed mass/accursed screaming (9)]
 25149 | Abyss:2  | Killed from afar by a raiju

Action                   |  1- 3 |  4- 6 |  7- 9 | 10-12 | 13-15 | 16-18 || total
-------------------------+-------+-------+-------+-------+-------+-------++-------
Melee: Hand axe          |    62 |   139 |   107 |       |       |       ||   308
       War axe           |       |       |   112 |   506 |   801 |   178 ||  1597
       Executioner's axe |       |       |       |       |   179 |   169 ||   348
Invok: Berserk           |     2 |     3 |     7 |    15 |    22 |     4 ||    53
       Trog's Hand       |       |     1 |     5 |     3 |    11 |    11 ||    31
       Burn Spellbooks   |       |       |     1 |     1 |     2 |       ||     4
       Brothers in Arms  |       |       |       |     7 |     8 |     7 ||    22
Evoke: Deck              |       |       |       |       |     1 |       ||     1
       Wand              |       |       |       |       |     1 |     4 ||     5
  Use: Scroll            |       |     2 |     9 |     5 |    13 |     5 ||    34
       Potion            |       |       |    10 |    11 |     5 |     6 ||    32
 Stab: Distracted        |       |       |       |     2 |     4 |     2 ||     8
  Eat: Chunk             |     2 |     5 |     5 |    10 |    17 |     7 ||    46
       Beef jerky        |       |     2 |       |     4 |     7 |     1 ||    14
       Pizza             |       |     1 |       |       |     1 |       ||     2
       Meat ration       |       |       |     2 |     4 |     3 |     2 ||    11
       Royal jelly       |       |       |     1 |       |       |       ||     1
       Fruit             |       |       |       |     2 |     4 |       ||     6
       Bread ration      |       |       |       |     1 |       |     1 ||     2
